 Dungeon Crawl Stone Soup version 0.17.1-1-g73c8601 (webtiles) character file.

134807 Clownie the Peltast (level 17, -37/119 HPs)
             Began as a Formicid Fighter on Dec 23, 2015.
             Was the Champion of the Shining One.
             Killed from afar by Mara (40 damage)
             ... with a bolt of fire
             ... on level 3 of the Swamp.
             The game lasted 00:50:09 (28872 turns).

Clownie the Peltast (Formicid Fighter)             Turns: 28872, Time: 00:50:10

Health: -37/119    AC: 34    Str: 38 (40) XL:     17   Next: 76%
Magic:  26/26      EV:  9    Int:  9 (11) God:    the Shining One [******]
Gold:   1995       SH: 19    Dex:  8      Spells: 2 memorised, 12 levels left

rFire  . . .     SeeInvis +     y - +0 battleaxe (chop)
rCold  + + .     Clarity  +     B - +10 plate armour {ponderous}
rNeg   + + +     SustAt   .     a - +0 shield {rC+}
rPois  +         Gourm    .     (helmet unavailable)
rElec  .         Spirit   .     T - +0 cloak
rCorr  .         Warding  .     G - +0 pair of gloves of Vehumet's Esteem {Str+8 Dex-2 Slay+6}
rMut   .         Stasis   +     H - +0 pair of boots
MR     +....                    E - amulet of clarity
Stlth  ..........               P - ring of protection from cold
                                r - +3 ring of strength

@: flying, glowing, drained, slow, somewhat resistant to hostile enchantments,
extremely unstealthy
A: permanent stasis, dig shafts and tunnels, four strong arms, antennae 3, fangs
1, large bone plates 2, clever 1, deterioration 1, poison resistance,
regeneration 1, robust 1, strong 1
a: Dig, Shaft Self, Divine Shield, Cleansing Flame, Summon Divine Warrior, Brand
Weapon With Holy Wrath, Renounce Religion


You were on level 3 of the Swamp.
You worshipped the Shining One.
The Shining One was exalted by your worship.
You were not hungry.

You visited 5 branches of the dungeon, and saw 31 of its levels.
You also visited: Labyrinth, Sewer and Ice Cave.

You collected 3230 gold pieces.
You spent 1235 gold pieces at shops.

Inventory:

Hand Weapons
 f - a +0 great mace
 y - a +0 battleaxe of chopping (weapon)
Armour
 a - a +0 shield of cold resistance (worn)
 B - a +10 plate armour of ponderousness (worn)
 G - the +0 pair of gloves of Vehumet's Esteem (worn) {Str+8 Dex-2 Slay+6}
   (You found it on level 10 of the Dungeon)

   It affects your strength (+8).
   It affects your dexterity (-2).
   It affects your accuracy and damage with ranged weapons and melee attacks
   (+6).
 H - a +0 pair of boots (worn)
 T - a +0 cloak (worn)
 U - a +1 plate armour of magic resistance
Jewellery
 h - an uncursed amulet of warding
 p - an uncursed ring of protection from fire
 q - an uncursed ring of protection from magic
 r - a +3 ring of strength (left hand)
 v - an uncursed ring of protection from magic
 E - an amulet of clarity (around neck)
 P - a ring of protection from cold (right hand)
 S - a +4 ring of strength
 Z - an uncursed amulet of resist corrosion
Wands
 j - a wand of confusion (31)
 w - a wand of lightning (0)
 F - a wand of paralysis (5)
 I - a wand of fire (8)
 J - a wand of cold (1)
 K - a wand of paralysis (16)
 M - a wand of polymorph (4)
Scrolls
 b - 13 scrolls of remove curse
 d - 4 scrolls of recharging
 n - 3 scrolls of amnesia
 o - 4 scrolls of immolation
 s - 2 scrolls of fog
 t - 4 scrolls of enchant weapon
 A - 3 scrolls of fear
 L - 2 scrolls of magic mapping
 V - a scroll of brand weapon
 W - 6 scrolls of identify
 X - 4 scrolls of enchant armour
Potions
 c - 4 potions of might
 k - 4 potions of agility
 l - 8 potions of curing
 m - 3 potions of magic
 u - 2 potions of flight
 Q - a potion of cancellation
Miscellaneous
 z - a fan of gales (inert)
 O - a stone of tremors (inert)
 R - a phantom mirror
 Y - a phial of floods (inert)
Comestibles
 e - 11 bread rations
 g - 6 meat rations
 i - 25 fruits
 x - a chunk of flesh
 C - 2 royal jellies
 D - 10 beef jerkies


   Skills:
 - Level 3.2(2.7) Fighting
 + Level 17.6(16.8) Axes
 - Level 15.0(14.2) Armour
 - Level 18.0(17.2) Shields
 - Level 7.2(6.6) Invocations
 - Level 12.1(11.5) Evocations


You had 12 spell levels left.
You knew the following spells:

 Your Spells              Type           Power        Failure   Level  Hunger
a - Corona                Hex            #......      98%         1    ##.....
b - Tukima's Dance        Hex            #.......     100%        3    ####...


Dungeon Overview and Level Annotations

Branches:
Dungeon (15/15)            Temple (1/1) D:7            Lair (8/8) D:8
  Swamp (3/4) Lair:3       Spider (0/4) Lair:3        Slime (0/6) Lair:7
    Orc (4/4) D:11            Elf (0/3) Orc:3        Vaults (0/5) D:13
 Depths (0/5) D:15

Altars:
Ashenzari
Cheibriados
Dithmenos
Elyvilon
Fedhas
Gozag
Kikubaaqudgha
Makhleb
Nemelex Xobeh
Okawaru
Qazlal
Ru
Sif Muna
Trog
Vehumet
Xom
Yredelemnul
Zin
The Shining One
Jiyva

Shops:
D:15 ?   Orc:2 [   Orc:4 :(=[(

Annotations:
D:7 grizfap's ghost, novice HuBe
Swamp:3 Mara


Innate Abilities, Weirdness & Mutations

You are under a permanent stasis effect.
You can dig through walls and to a lower floor.
Your four strong arms can wield two-handed weapons with a shield.
You have a pair of large antennae on your head (SInv).
You have very sharp teeth.
You are mostly covered in large bone plates (AC +3, SH +3).
Your mind is acute. (Int +2)
Your body sometimes deteriorates upon taking damage.
Your system is resistant to poisons.
Your natural rate of healing is unusually fast.
You are robust (+10% HP).
Your muscles are strong. (Str +2)


Message History

Mara gestures.
Mara blinks!
You block the spectral anaconda's attack. x2
You block Clownie's illusion's attack.
Mara gestures.
Mara blinks!
The spectral anaconda grabs you.
The spectral anaconda bites you but does no damage.
* * * LOW HITPOINT WARNING * * *
The spectral anaconda constricts you.
Drink which item? (? for menu, Esc to quit)
Okay, then.
Evoke which item? (* to show all) (? for menu, Esc to quit)
Okay, then.
Evoke which item? (* to show all) (? for menu, Esc to quit)
The spectral anaconda loses its grip on you.
A fierce wind blows from the fan.
The monsters around you are blown away!
The winds coalesce and take form.
Mara gestures at you. The bolt of fire hits you!
You die...

*,≈≈≈≈≈≈≈≈≈≈.......♣♣ ****
**,≈≈.♣.≈≈≈≈§.≈≈.♣♣≈*♣♣♣♣♣
****♣♣♣.≈.R♣.§≈≈.≈♣♣≈≈≈≈♣**
♣≈..≈..≈.≈≈§.≈.≈≈≈≈..,*
♣♣♣♣<≈≈≈...≈@≈≈..≈≈≈≈.≈≈,
♣♣♣♣♣♣♣♣≈§♣≈≈≈≈≈≈.≈≈≈§..≈≈≈≈≈≈≈≈
♣♣≈..♣≈≈♣≈.≈≈.≈≈≈≈≈≈.(..♣≈.≈≈.≈≈≈
≈.≈≈≈.≈§≈.≈≈≈≈≈≈≈≈≈....≈.♣♣♣≈≈.♣*
≈≈≈≈≈......≈R≈§§@≈l.<§Z§.♣ *≈≈≈.,
..≈≈≈..........≈≈≈.Z.E♣♣♣♣♣♣..≈≈≈
.#≈....≈≈..♣≈.≈≈≈≈≈≈.♣♣♣♣♣§/.≈§≈≈
.#≈≈.≈≈≈≈≈≈≈.≈≈≈♣≈≈≈≈t§.≈§≈.♣≈≈≈,
##.♣<.≈≈≈≈≈≈.≈Z≈♣♣≈≈≈.§≈..§...≈.,
...†≈.≈≈....≈≈§≈≈≈≈≈..R§.≈≈§..≈♣*
.≈.†..≈≈≈.≈≈≈.≈≈≈≈§§§♣E.≈≈≈≈≈≈..*
≈≈.≈≈≈≈≈≈≈≈≈≈≈≈≈≈≈§§♣♣≈§≈≈≈≈≈≈≈≈,
...♣≈.≈≈≈≈≈≈≈≈≈≈≈≈.......≈≈≈≈≈≈≈≈


You could see 2 Maras, a ghost crab, a komodo dragon, a spectral anaconda, a
spectral four-headed hydra, a spectral swamp drake, Clownie's illusion and 2
friendly air elementals.

Vanquished Creatures
  An Ice Fiend (IceCv)
  Rupert (Lair:5)
  Gastronok (D:8)
  A minotaur (Lab)
  A fire dragon (D:15)
  The ghost of Alreadydead the Unseen, a journeyman SpEn of Gozag (Lair:8)
  9 hydras
  The ghost of Rationalist the Nimble, a journeyman DsBe of Trog (D:10)
  3 centaur warriors
  A catoblepas (Lair:7)
  A ghost crab (Swamp:1)
  7 death yaks
  6 alligators
  A queen ant (Lair:5)
  A tengu warrior (D:14)
  3 orc high priests (Orc:4)
  Urug (D:10)
  A titan zombie (D:15)
  Sonja (D:15)
  A fire crab (Lair:8)
  4 ice devils (IceCv)
  A skeletal warrior (D:15)
  The ghost of grizfap the Ducker, a novice HuBe of Trog (D:9)
  13 wizards (D:13)
  5 hill giants
  A spriggan druid (Swamp:2)
  Pikel (D:7)
  2 ugly things
  A deep elf conjurer (D:13)
  A griffon (Lair:5)
  A necromancer (D:15)
  2 oklob plants
  6 orc knights
  A flayed ghost (D:15)
  5 orc sorcerers
  2 manticores
  15 elephants
  Joseph (D:8)
  3 black mambas
  3 ice statues (IceCv)
  2 torpor snails
  4 gargoyles
  19 spiny frogs
  6 komodo dragons
  A golden dragon simulacrum (IceCv)
  An anaconda simulacrum (IceCv)
  3 kobold demonologists
  2 fire drakes
  An efreet (D:14)
  A guardian mummy (D:15)
  A giant leech (Swamp:3)
  4 trolls
  5 blue devils (IceCv)
  The ghost of PossumBlood the Carver, an amateur MiFi (Sewer)
  8 polar bears
  4 two-headed ogres
  8 bog bodies
  12 slime creatures
  24 blink frogs
  A vampire (D:15)
  2 spriggan zombies (D:15)
  4 trapdoor spiders
  55 yaks
  5 shadows
  A spriggan skeleton (D:15)
  7 redbacks (Lair:8)
  15 spriggans
  6 deep elf magi
  2 dire elephant simulacra (IceCv)
  A golden eye (Lair:3)
  5 hippogriffs
  3 wyverns
  10 hungry ghosts
  A wraith (D:11)
  21 wolves
  20 soldier ants (Lair:5)
  2 basilisks
  8 vampire mosquitoes
  4 wargs
  4 harpy simulacra (IceCv)
  7 insubstantial wisps
  14 water moccasins
  14 swamp worms
  An iron troll simulacrum (IceCv)
  A soldier ant (shapeshifter) (D:14)
  27 orc warriors
  8 porcupines
  8 wasps
  11 ice beasts
  5 sky beasts
  A hydra simulacrum (IceCv)
  9 ogres
  7 necrophages (Lair:4)
  3 swamp drakes (Swamp:2)
  3 eyes of draining
  6 black bears
  3 phantoms
  17 centaurs
  10 crocodiles
  7 big kobolds
  20 giant frogs
  A gnoll sergeant (D:9)
  5 scorpions
  A wyvern skeleton (D:12)
  A wyvern zombie (D:9)
  8 killer bees
  3 crimson imps
  5 wights (D:14)
  4 electric eels
  5 hounds
  2 centaur zombies
  6 centaur skeletons
  A quasit (D:14)
  6 jellies
  29 orc priests
  2 giant frog skeletons
  8 iguanas
  23 worker ants
  Terence (D:2)
  43 orc wizards
  10 hell rats (Lair:7)
  11 sheep
  A hound zombie (D:5)
  17 adders
  6 gnolls (D:9)
  78 river rats
  4 shadow imps
  2 oozes
  An adder zombie (D:6)
  2 worms
  3 giant geckos
  184 orcs
  4 goblins
  7 hobgoblins
  10 jackals
  A quokka (D:10)
  2 ball pythons
  5 bats
  6 giant cockroaches
  6 giant newts
  35 kobolds
  11 rats
  5 fungi
  12 plants
1155 creatures vanquished.

Vanquished Creatures (others)
  2 slaves (D:7)
  An orc wizard (D:7)
  An orc (D:7)
  7 fungi
  A plant (Lair:8)
12 creatures vanquished.

Grand Total: 1167 creatures vanquished

Notes
Turn   | Place    | Note
--------------------------------------------------------------
     0 | D:1      | Clownie the Formicid Fighter began the quest for the Orb.
     0 | D:1      | Reached XP level 1. HP: 18/18 MP: 1/1
   314 | D:1      | Reached skill level 4 in Shields
   327 | D:1      | Reached XP level 2. HP: 24/24 MP: 2/2
   881 | D:2      | Reached skill level 5 in Shields
   881 | D:2      | Reached XP level 3. HP: 19/29 MP: 3/3
   890 | D:2      | Noticed Terence
   896 | D:2      | HP: 1/29 [Terence/flail (5)]
   907 | D:2      | Killed Terence
   907 | D:2      | Reached XP level 4. HP: 4/35 MP: 4/4
  1268 | D:2      | Reached skill level 6 in Shields
  1886 | D:2      | Reached XP level 5. HP: 32/41 MP: 5/5
  2489 | D:3      | Found a faded altar to an unknown god.
  2821 | D:4      | Found a snail-covered altar of Cheibriados.
  3060 | D:4      | Reached skill level 7 in Shields
  3148 | D:4      | Noticed an ogre
  3164 | D:4      | Killed an ogre
  3164 | D:4      | Reached skill level 8 in Shields
  3164 | D:4      | Reached XP level 6. HP: 21/47 MP: 6/6
  3413 | D:5      | Entered Level 5 of the Dungeon
  3413 | D:5      | Found a glowing drain.
  3446 | Sewer    | Entered a sewer
  3800 | Sewer    | Noticed PossumBlood's ghost (amateur MiFi)
  3815 | Sewer    | Killed PossumBlood's ghost
  3815 | Sewer    | Reached skill level 9 in Shields
  3815 | Sewer    | Reached XP level 7. HP: 30/52 MP: 7/7
  4589 | D:5      | Reached skill level 10 in Shields
  5400 | D:5      | Gained mutation: Your body sometimes deteriorates upon taking damage. [potion of mutation]
  5400 | D:5      | Gained mutation: Your muscles are strong. (Str +2) [potion of mutation]
  5400 | D:5      | Gained mutation: Your natural rate of healing is unusually fast. [potion of mutation]
  5634 | D:7      | Reached XP level 8. HP: 52/58 MP: 8/8
  5699 | D:7      | Found a staircase to the Ecumenical Temple.
  5769 | Temple   | Entered the Ecumenical Temple
  5937 | Temple   | Became a worshipper of the Shining One
  5979 | Temple   | Reached skill level 5 in Axes
  6168 | D:7      | Noticed Pikel
  6182 | D:7      | Killed Pikel
  6182 | D:7      | Reached XP level 9. HP: 64/64 MP: 9/9
  6212 | D:7      | Noticed grizfap's ghost (novice HuBe)
  7593 | D:8      | Noticed Joseph
  7633 | D:8      | Killed Joseph
  7633 | D:8      | Reached skill level 5 in Armour
  7633 | D:8      | Reached XP level 10. HP: 51/70 MP: 10/10
  7697 | D:8      | Reached * piety under the Shining One
  7776 | D:8      | Noticed Gastronok
  7941 | D:8      | Killed Gastronok
  7941 | D:8      | Reached skill level 10 in Axes
  7941 | D:8      | Reached skill level 11 in Shields
  7979 | D:8      | Noticed an elephant
  8006 | D:8      | HP: 2/70 [elephant (8)]
  8008 | D:8      | Killed an elephant
  8008 | D:8      | Reached skill level 12 in Shields
  8339 | D:8      | Reached XP level 11. HP: 34/75 MP: 11/11
  8706 | D:7      | Reached skill level 1 in Invocations
  8747 | D:8      | Found a staircase to the Lair.
  8795 | D:8      | Reached skill level 5 in Invocations
  8885 | D:8      | Reached ** piety under the Shining One
  8956 | D:8      | Gained mutation: You are partially covered in large bone plates (AC +2, SH +2). [mutagenic meat]
  8957 | D:8      | Gained mutation: Your muscles are very strong. (Str +4) [mutagenic meat]
  8958 | D:8      | Gained mutation: Your mind is acute. (Int +2) [mutagenic meat]
  8959 | D:8      | Lost mutation: Your muscles are very strong. (Str +4) [mutagenic meat]
  8960 | D:8      | Gained mutation: You are robust (+10% HP). [mutagenic meat]
  8961 | D:8      | Gained mutation: You are mostly covered in large bone plates (AC +3, SH +3). [potion of beneficial mutation]
  9100 | D:9      | Gained mutation: Your system is resistant to poisons. [mutagenic meat]
  9101 | D:9      | Gained mutation: You have very sharp teeth. [mutagenic meat]
  9164 | D:9      | Killed grizfap's ghost
  9214 | D:9      | Reached skill level 1 in Evocations
  9669 | D:10     | Entered Level 10 of the Dungeon
  9980 | D:10     | Noticed a death yak
  9996 | D:10     | Killed a death yak
  9996 | D:10     | Reached skill level 5 in Evocations
 10348 | D:10     | Noticed Urug
 10365 | D:10     | Killed Urug
 10365 | D:10     | Reached XP level 12. HP: 34/89 MP: 17/17
 10515 | D:10     | Noticed a hill giant
 10822 | D:10     | Killed a hill giant
 10881 | D:10     | Noticed Rationalist's ghost (journeyman DsBe)
 10901 | D:10     | Killed Rationalist's ghost
 10909 | D:10     | Got a pair of dazzling gloves
 10915 | D:10     | Identified the cursed +0 pair of gloves of Vehumet's Esteem {Str+8 Dex-2 Slay+6} (You found it on level 10 of the Dungeon)
 11093 | D:10     | Got a heavily runed chain mail
 11105 | D:10     | Identified the +5 chain mail "Bicehinn" {rCorr Str+4 Stlth+} (You found it on level 10 of the Dungeon)
 11131 | D:11     | Found a staircase to the Orcish Mines.
 11197 | D:11     | Found a labyrinth entrance.
 11205 | Lab      | Entered a labyrinth
 11440 | Lab      | Reached *** piety under the Shining One
 11744 | Lab      | Noticed a minotaur
 11751 | Lab      | Killed a minotaur
 11751 | Lab      | Reached skill level 10 in Evocations
 12501 | Orc:1    | Entered Level 1 of the Orcish Mines
 12682 | Orc:2    | Found Xeakk's Antique Armour Shoppe.
 13199 | Orc:1    | Found a shimmering altar of Xom.
 13199 | Orc:1    | Reached **** piety under the Shining One
 13595 | Orc:3    | Reached XP level 13. HP: 83/94 MP: 22/22
 13761 | Orc:3    | Found a staircase to the Elven Halls.
 13952 | Orc:4    | Entered Level 4 of the Orcish Mines
 14009 | Orc:4    | Found Izarghi's Book Shoppe.
 14642 | Orc:4    | Reached skill level 13 in Shields
 14696 | Orc:4    | Found Qiep's Weapon Shop.
 14696 | Orc:4    | Found Xeotzafe's Weapon Shoppe.
 14701 | Orc:4    | Reached ***** piety under the Shining One
 14702 | Orc:4    | Found Quydeitu's Armour Shoppe.
 14702 | Orc:4    | Found Wicuem's Jewellery Shop.
 15252 | D:12     | Found a shadowy altar of Dithmenos.
 15556 | D:12     | Reached skill level 10 in Armour
 15999 | D:13     | Reached skill level 14 in Shields
 15999 | D:13     | Reached XP level 14. HP: 102/102 MP: 23/23
 16562 | D:13     | Found a gate to the Vaults.
 16731 | D:13     | Reached ****** piety under the Shining One
 17390 | D:14     | Reached skill level 15 in Shields
 18042 | D:15     | Entered Level 15 of the Dungeon
 18385 | D:15     | Reached XP level 15. HP: 69/107 MP: 24/24
 18422 | D:15     | Found Xute's Magic Scroll Boutique.
 18441 | D:15     | Bought a scroll of identify for 26 gold pieces
 18441 | D:15     | Bought a scroll of identify for 26 gold pieces
 18441 | D:15     | Bought a scroll of enchant armour for 97 gold pieces
 18441 | D:15     | Bought a scroll of identify for 26 gold pieces
 18441 | D:15     | Bought a scroll of identify for 26 gold pieces
 18441 | D:15     | Bought a scroll of identify for 26 gold pieces
 18468 | D:15     | Noticed Sonja
 18710 | D:15     | Found a staircase to the Depths.
 18787 | D:15     | Killed Sonja
 19256 | Orc:2    | Bought a slimy plate armour for 1008 gold pieces
 19266 | Orc:2    | Identified the cursed +0 plate armour "Mungo" {rPois Int+3} (You bought it in a shop on level 2 of the Orcish Mines)
 19409 | Lair:1   | Entered Level 1 of the Lair of Beasts
 20151 | Lair:2   | Found a shadowy altar of Dithmenos.
 20163 | Lair:2   | Reached skill level 16 in Shields
 21026 | Lair:3   | Found a hole to the Spider Nest.
 21044 | Lair:3   | Found a staircase to the Swamp.
 23114 | Lair:5   | Noticed Rupert
 23126 | Lair:5   | Killed Rupert
 23244 | Lair:5   | Reached XP level 16. HP: 114/114 MP: 25/25
 24568 | Lair:7   | Reached skill level 17 in Shields
 24684 | Lair:7   | Found a viscous altar of Jiyva.
 24685 | Lair:7   | Found a staircase to the Slime Pits.
 24749 | Lair:7   | Reached skill level 15 in Axes
 25379 | Lair:8   | Entered Level 8 of the Lair of Beasts
 25530 | Lair:8   | Noticed Alreadydead's ghost (journeyman SpEn)
 25558 | Lair:8   | Killed Alreadydead's ghost
 25855 | Lair:8   | Reached skill level 15 in Armour
 25855 | Lair:8   | Reached XP level 17. HP: 119/119 MP: 26/26
 26001 | Lair:8   | Found a sacrificial altar of Ru.
 26367 | Swamp:1  | Entered Level 1 of the Swamp
 26539 | Swamp:1  | Reached skill level 18 in Shields
 26910 | Swamp:1  | Learned a level 1 spell: Corona
 26914 | Swamp:1  | Learned a level 3 spell: Tukima's Dance
 27959 | Swamp:3  | Found a frozen archway.
 27996 | IceCv    | Entered an ice cave
 28176 | IceCv    | Noticed an Ice Fiend
 28187 | IceCv    | Killed an Ice Fiend
 28233 | IceCv    | Got a pair of ancient gloves
 28244 | IceCv    | Identified the +2 pair of gloves of Cubolaon {*Drain rElec Str+4 Int+2} (You found it in an ice cave)
 28444 | Swamp:3  | Noticed Mara
 28453 | Swamp:3  | Noticed Clownie's illusion
 28657 | Swamp:3  | Noticed Clownie's illusion
 28858 | Swamp:3  | Noticed Clownie's illusion
 28870 | Swamp:3  | HP: 4/119 [Clownie's illusion[Mara] (4)]
 28872 | Swamp:3  | Killed from afar by Mara

Action                   |  1- 3 |  4- 6 |  7- 9 | 10-12 | 13-15 | 16-18 || total
-------------------------+-------+-------+-------+-------+-------+-------++-------
Melee: War axe           |    70 |   255 |   184 |       |       |       ||   509
       Battleaxe         |       |       |   184 |   519 |   861 |   745 ||  2309
       Great mace        |       |       |       |       |     5 |     5 ||    10
 Abil: Dig               |       |       |     2 |     6 |    10 |     3 ||    21
Evoke: Wand              |       |       |       |    12 |    19 |    47 ||    78
       Stone of tremors  |       |       |       |       |     1 |     1 ||     2
       Fan of gales      |       |       |       |       |       |     1 ||     1
       Phial of floods   |       |       |       |       |       |     1 ||     1
  Use: Potion            |     1 |     3 |     3 |     3 |     3 |     5 ||    18
       Scroll            |       |     4 |     3 |    12 |     7 |    10 ||    36
 Stab: Paralysed         |       |       |       |     9 |     5 |    10 ||    24
       Confused          |       |       |       |       |       |     3 ||     3
  Eat: Chunk             |       |     9 |     7 |    29 |    32 |    13 ||    90
       Royal jelly       |       |       |     1 |       |       |       ||     1
       Meat ration       |       |       |     1 |       |       |     1 ||     2
       Fruit             |       |       |       |     1 |       |       ||     1
       Bread ration      |       |       |       |     1 |       |       ||     1
       Pizza             |       |       |       |       |     2 |     2 ||     4
